AoeStats
← Flipcakee

Arabia

504333912Analyzed
1v1 RM · 28d ago on Sep 4, 2026· 53m 46s· 2 players
Game mode
Random Map
Map size
Tiny (2 player)
Population
200
Speed
Normal
Resources
Standard
Victory
Conquest
Starting age
Dark Age
Ending age
Imperial Age
RankedLock teamsTeams togetherTeam positionsShared explorationLock speedFull tech treeHidden civsTurbo modeCheats
Victory
Defeat
🇦🇷 Franks · Argentina
969
+17
🇧🇷 Tupi · Brazil
1000
-51
Pink Floyd
0:40 Loom
10:01 Feudal Age
12:17 Double-Bit Axe
17:03 Scale Mail Armor
17:59 Forging
19:42 Scale Barding Armor
21:18 Wheelbarrow
25:16 Castle Age
25:23 Light Cavalry
26:04 Husbandry
27:00 Iron Casting
26:54 Bow Saw
26:34 Gold Mining
26:37 Stone Mining
27:12 Chain Barding Armor
29:14 Gold Shaft Mining
30:43 Hand Cart
30:14 Town Watch
31:54 Fletching
34:01 Bodkin Arrow
39:27 Imperial Age
37:46 Town Patrol
39:33 Cavalier
41:46 Blast Furnace
41:21 Plate Barding Armor
42:30 Ballistics
43:11 Chemistry
43:36 Conscription
44:00 Arrowslits
44:11 Murder Holes
47:41 Paladin
49:28 Masonry
51:46 Architecture
51:22 Siege Engineers
54:26 Hoardings
Flipcakee
10:12 Feudal Age
11:03 Loom
12:37 Double-Bit Axe
24:05 Castle Age
24:48 Pikeman
29:34 Bow Saw
29:17 Stone Mining
33:24 Fletching
34:22 Ballistics
35:46 Bodkin Arrow
37:32 Horse Collar
37:56 Champi Runner
39:43 Heavy Plow
40:25 Wheelbarrow
41:48 Hand Cart
42:40 Caciques
43:39 Gold Mining
48:17 Imperial Age
46:55 Squires
46:22 Champi Warrior
49:46 Curare
50:08 Bracer
51:41 Two-Man Saw
50:29 Elite Blackwood Archer
53:13 Halberdier
Connection lost

Rejoining the realm…

Still unreachable

The connection could not be restored.

Session expired

The server has moved on; the page needs a fresh start.